 Dungeon Crawl Stone Soup version 0.23-a0-844-gdc03e01 (webtiles) character file.

198 silenth the Slasher (level 5, -3/44 HPs)
             Began as a Barachi Fighter on Jan 26, 2019.
             Killed by divine providence
             ... invoked by an orc priest
              (15 damage)
             ... on level 4 of the Dungeon.
             The game lasted 00:06:08 (2363 turns).

silenth the Slasher (Barachi Fighter)               Turns: 2363, Time: 00:06:09

Health: -3/44      AC:  8    Str: 17    XL:     5   Next: 77%
Magic:  5/5        EV: 10    Int: 16    God:
Gold:   165        SH:  9    Dex: 12    Spells: 4/4 levels left

rFire    . . .     SeeInvis .   t - -2 falchion (curse)
rCold    . . .     Gourm    .   c - +0 shield
rNeg     . . .     Faith    .   u - +4 robe of Morality {MR+ Int+7}
rPois    .         Spirit   .   j - +1 helmet
rElec    .         Reflect  .   k - scarf {cloud immunity}
rCorr    .         Harm     .   (no gloves)
MR       +....                  (no boots)
Stlth    +.........             (no amulet)
HPRegen  0.14/turn              (no ring)
MPRegen  0.09/turn              (no ring)

@: slow
A: +LOS, swims, slowness 1, strong legs 1
a: Hop


You were on level 4 of the Dungeon.
You were not hungry.

You visited 1 branch of the dungeon, and saw 4 of its levels.

You collected 165 gold pieces.

Inventory:

Hand Weapons
 a - a +0 long sword
 p - a +0 blowgun
 t - a cursed -2 falchion (weapon)
Missiles
 q - 16 poisoned needles
Armour
 b - a +0 scale mail
 c - a +0 shield (worn)
 j - a +1 helmet (worn)
 k - a scarf of cloud immunity (worn)
 o - a +0 robe of cold resistance
 u - the +4 robe of Morality (worn) {MR+ Int+7}
   (You found it on level 4 of the Dungeon)

   It affects your intelligence (+7).
   It affects your resistance to hostile enchantments.
Wands
 n - a wand of random effects (22)
Scrolls
 s - a scroll of amnesia
Potions
 d - 2 potions of might
 f - a potion of agility {unknown}
 g - 4 potions of curing {unknown}
 h - a potion of cancellation
 i - 4 potions of resistance
 l - 2 potions of heal wounds {unknown}
 m - a potion of invisibility {unknown}
 r - a potion of ambrosia {unknown}
 v - a potion of berserk rage {unknown}
Comestibles
 e - 6 rations


   Skills:
 + Level 5.0 Fighting
 * Level 5.4 Long Blades
 - Level 3.6 Armour
 + Level 2.1 Dodging
 - Level 3.2 Shields


You had 4 spell levels left.
You didn't know any spells.
Your spell library was empty.

Dungeon Overview and Level Annotations

Branches:
Dungeon (4/15)
 Temple: D:4-7

Altars:
Makhleb
Uskayaw


Innate Abilities, Weirdness & Mutations

Shadows flee at your approach. (+LOS)
You can swim through water.
You cover ground slowly.
You can hop short distances.


Message History

The orc priest is heavily wounded.
You block the orc priest's attack.
You hit the orc priest.
The orc priest is heavily wounded.
The orc priest looks encouraged for a moment.
Your shield prevents you from hitting the orc priest.
The orc priest is heavily wounded.
The orc priest closely misses you.
You hit the orc priest but do no damage.
The orc priest is heavily wounded.
The orc priest looks braver for a moment.
You hit the orc priest but do no damage.
The orc priest is heavily wounded.
The orc priest hits you with a +0 flail.
* * * LOW HITPOINT WARNING * * *
You hit the orc priest.
The orc priest is almost dead.
The orc priest invokes the aid of Beogh against you.
Beogh smites you!
You die...

########
#......#
#......#
#....).#
#..>...#
#....@o#
#▒▒▒'▒▒oo...▒
▒....▒ ....▒
▒....▒ ...▒
▒....▒ ..▒
▒...▒▒ .▒
▒...▒▒▒▒▒▒▒..
▒....▒....▒ .
▒....▒....▒


You could see an orc priest and 2 orcs.

Vanquished Creatures
  An iguana (D:4)
  4 adders
  5 gnolls
  2 worms (D:2)
  4 dart slugs (D:1)
  4 leopard geckos
  2 orcs (D:3)
  5 giant cockroaches
  6 goblins
  9 hobgoblins
  8 kobolds
  6 bats
  5 frilled lizards
  15 rats
76 creatures vanquished.

Notes
Turn   | Place    | Note
-------+----------+-------------------------------------------
     0 | D:1      | silenth the Barachi Fighter began the quest for the Orb.
     0 | D:1      | Reached XP level 1. HP: 18/18 MP: 1/1
    35 | D:1      | Reached skill level 3 in Long Blades
    35 | D:1      | Reached XP level 2. HP: 24/25 MP: 2/2
   209 | D:1      | Reached skill level 4 in Fighting
   289 | D:1      | Reached XP level 3. HP: 26/30 MP: 3/3
   714 | D:2      | Reached skill level 4 in Long Blades
   790 | D:2      | Reached XP level 4. HP: 25/38 MP: 4/4
   872 | D:2      | Reached skill level 1 in Dodging
   970 | D:2      | Reached XP level 5. HP: 12/43 MP: 5/5
  1493 | D:3      | Reached skill level 5 in Long Blades
  1770 | D:3      | Found a burning altar of Makhleb.
  1909 | D:3      | Reached skill level 2 in Dodging
  1986 | D:3      | Found a hide-covered altar of Uskayaw.
  2265 | D:4      | Reached skill level 5 in Fighting
  2273 | D:4      | Got a warped robe
  2288 | D:4      | Identified the +4 robe of Morality {MR+ Int+7} (You found
                  | it on level 4 of the Dungeon)
  2363 | D:4      | Killed from afar by an orc priest

Vault maps used:
D:1:      dpeg_arrival_ratfight, chequers_serial_rivers_micro_b, st_stairs_9
D:2:      first_ration
D:3:      minmay_skewed_foursquare, eat_drink_and_be_merry_uskayaw,
          lemuel_doored_altar, minmay_quantized
D:4:      evilmike_ruin_ashenzari

Skill      XL: |  1  2  3  4  5 |
---------------+----------------+-----
Long Blades    | 3 4 5 |  5.4
Fighting       | 4 5 |  5.0
Dodging        | 1 2 |  2.1
Armour         | |  3.6
Shields        | |  3.2

Action                   |  1- 3 |  4- 6 || total
-------------------------+-------+-------++-------
Melee: Long sword        |    98 |    93 ||   191
       Falchion          |       |    56 ||    56
  Use: Scroll            |     3 |     5 ||     8
  Eat: Chunk             |       |     6 ||     6
Armor: Scale mail        |    38 |    34 ||    72
Dodge: Dodged            |    31 |    53 ||    84
Block: Shield            |    34 |    80 ||   114
       Rpst.: Long sword |    10 |    14 ||    24
       Falchion          |       |     4 ||     4

Table legend:
 A = Non-vault XP
 B = Vault XP
 C = Vault XP percentage of total XP
 D = Non-vault monster count
 E = Vault monster count
 F = Vault count percentage of total count
                 A         B        C        D         E       F
            +---------+---------+-------+---------+---------+-------
      Total |     256 |      28 |   9.9 |      65 |      11 |  14.5
            +---------+---------+-------+---------+---------+-------
        D:1 |      43 |      10 |  18.9 |      21 |       8 |  27.6
        D:2 |     123 |       0 |   0.0 |      25 |       0 |   0.0
        D:3 |      54 |      18 |  25.0 |      18 |       3 |  14.3
        D:4 |      36 |       0 |   0.0 |       1 |       0 |   0.0
            +---------+---------+-------+---------+---------+-------
